 Dungeon Crawl Stone Soup version 0.28-a0-906-g0406aca7d3 (webtiles) character file.

Game seed: 1264073918391468627

142 bande the Covered (level 5, 0/33 HPs)
             Began as a Gargoyle Fighter on Nov 24, 2021.
             Slain by an orc (4 damage)
             ... on level 3 of the Dungeon.
             The game lasted 00:02:31 (2445 turns).

bande the Covered (Gargoyle Fighter)                Turns: 2445, Time: 00:02:32

Health: 0/33       AC: 11    Str: 20    XL:     5   Next: 24%
Magic:  5/5        EV:  9    Int:  9    God:
Gold:   38         SH:  4    Dex:  9    Spells: 4/4 levels left

rFire   . . .      SeeInvis .   a - +0 war axe
rCold   . . .      Faith    .   c - +0 buckler
rNeg    + . .      Spirit   .   b - +0 scale mail
rPois   ∞          Reflect  .   (no helmet)
rElec   +          Harm     .   (no cloak)
rCorr   .          Rampage  .   (no gloves)
Will    .....                   (no boots)
Stlth   ..........              (no amulet)
HPRegen 0.11/turn               (no ring)
MPRegen 0.09/turn               (no ring)

@: no status effects
A: sickness immunity, AC +4, negative energy resistance 1, electricity
resistance, torment resistance 1, petrification resistance
a: no special abilities


You were on level 3 of the Dungeon.
You visited 1 branch of the dungeon, and saw 3 of its levels.

You collected 38 gold pieces.

Inventory:

Hand Weapons
 a - a +0 war axe (weapon)
Armour
 b - a +0 scale mail (worn)
 c - a +0 buckler (worn)
Scrolls
 e - a scroll of enchant weapon {unknown}
 f - a scroll of identify {unknown}
 g - a scroll of torment {unknown}
Potions
 d - 2 potions of might


   Skills:
 + Level 4.0 Fighting
 + Level 3.3 Axes
 + Level 4.3 Armour
 + Level 3.8 Shields


You had 4 spell levels left.
You didn't know any spells.
Your spell library contained the following spells:

 Spells                   Type           Power      Damage    Failure   Level
 Summon Guardian Golem    Hex/Summ       0%         N/A       98%         3
 Orb of Destruction       Conj           0%         N/A       100%        7
 Spellforged Servitor     Conj/Summ      0%         N/A       100%        7


Dungeon Overview and Level Annotations

Branches:
Dungeon (3/15)

Altars:


Innate Abilities, Weirdness & Mutations

You are immune to sickness and miasma.
Your stone body is resilient. (AC +4)
You are immune to poison.
You resist negative energy. (rN+)
You are resistant to electric shocks. (rElec)
You are resistant to unholy torment.
You are immune to petrification.


Message History

You closely miss the orc.
The orc is lightly wounded.
You hit something but do no damage. You closely miss the orc.
The orc hits you with a +0 hand axe. Something completely misses you.
The orc hits you but does no damage.
The orc hits you from afar with a +0 trident.
The orc hits you with a +0 hand axe. The orc closely misses you.
Something hits you but does no damage.
You slash something! You hit the orc.
You kill the orc!
You hit the orc. The orc barely misses you.
Something hits you but does no damage. You block the orc's attack.
You closely miss something. You barely miss the orc.
The orc closely misses you.
You hear some strange, mumbled words.
A puff of flame appears from out of thin air!
The puff of flame misses you. The orc hits you but does no damage.
Unknown command.
You miss something. You closely miss the orc.
The orc hits you but does no damage. Something hits you but does no damage.
You block the orc's attack. The orc hits you but does no damage.
You hear some strange, mumbled words.
A puff of flame appears from out of thin air!
The puff of flame hits you. The orc hits you but does no damage.
Unknown command.
You miss something. You barely miss the orc. The orc completely misses you.
You hear some strange, mumbled words.
A puff of flame appears from out of thin air!
The puff of flame hits you but does no damage.
The orc hits you but does no damage.
You barely miss something. You closely miss the orc.
The orc hits you from afar with a +0 trident.
You hear some strange, mumbled words.
A puff of flame appears from out of thin air!
The puff of flame hits you.
* * * LOW HITPOINT WARNING * * *
You block the orc's attack. The orc closely misses you.
You miss something. You hit the orc but do no damage.
Something hits you but does no damage. The orc hits you with a +0 short sword.
You die...

#...#...........#.
####...)......##.#.#.
#..##..##.######.####
##..##..##.# ###
#....##.##.####
##....##.#....(#
#......#.#.###.#
#....o.#.#.# #.##
.##{@..#.###..####
.....o).............+
....##.######....####
#.. ... ##.#.## #
#.### #.#.## # ##..#
##.# #.# #.#


You could see 2 orcs.

Vanquished Creatures
  7 adders (D:2)
  A worm (D:1)
  2 dart slugs
  2 orcs (D:3)
  6 ball pythons
  4 endoplasms
  4 giant cockroaches
  6 goblins
  3 hobgoblins
  10 jackals
  5 quokkas
  4 bats (D:1)
  2 frilled lizards
  6 kobolds
  5 rats
67 creatures vanquished.

Notes
Turn   | Place    | Note
-------+----------+-------------------------------------------
     0 | D:1      | bande the Gargoyle Fighter began the quest for the Orb.
     0 | D:1      | Reached XP level 1. HP: 14/14 MP: 1/1
     3 | D:1      | Noticed an electric eel
     4 | D:1      | Noticed an electric eel
   339 | D:1      | Reached XP level 2. HP: 18/19 MP: 2/2
   762 | D:1      | Reached XP level 3. HP: 19/23 MP: 3/3
  1690 | D:2      | Found a faded altar of an unknown god.
  1702 | D:2      | Reached XP level 4. HP: 29/29 MP: 4/4
  2074 | D:2      | Reached XP level 5. HP: 32/33 MP: 5/5
  2445 | D:3      | Slain by an orc

Illustrated notes

Levels and vault maps discovered:
D:1:      arrival_aquarium_b, layout_basic
D:2:      layout_loops_cross, shapermc_ecumenical_altar_starsandcircs,
          kennysheep_generic_room_2
D:3:      layout_loops_corners, kennysheep_minor_cross,
          chequers_serial_rivers_room_a, minmay_misc_feat_x

Skill      XL: |  1  2  3  4  5 |
---------------+----------------+-----
Axes           | 2 3 |  3.3
Armour         | 4 |  4.3
Fighting       | 4 |  4.0
Shields        | |  3.8

Action                   |  1- 3 |  4- 6 || total
-------------------------+-------+-------++-------
Melee: War axe           |   131 |    61 ||   192
Armor: Scale mail        |    93 |    43 ||   136
Dodge: Dodged            |    85 |    45 ||   130
Block: Buckler           |    40 |    19 ||    59

Table legend: (Time is in decaauts)
 A = Elapsed time spent in this place.
 B = Non-inter-level travel time spent in this place.
 C = Inter-level travel time spent in this place.
 D = Time resting spent in this place.
 E = Time spent auto-exploring this place.
 F = Levels seen in this place.
 G = Mean time per level.
                   A        B        C        D        E       F      G
               +--------+--------+--------+--------+--------+-----+--------+
         Total |   2522 |   2504 |     18 |    245 |   1757 |   3 |  840.7 |
       Dungeon |   2522 |   2504 |     18 |    245 |   1757 |   3 |  840.7 |
               +--------+--------+--------+--------+--------+-----+--------+

Top non-repeatable levels by time:
     D:1: 1584 daAuts
     D:2: 744 daAuts
     D:3: 192 daAuts
